 Dungeon Crawl Stone Soup version 0.32-a0-975-g85d4e5bfdb (webtiles) character file.

Game seed: 7207238126894149111

238 Fodor the Covered (level 5, -3/41 (47) HPs)
             Began as a Minotaur Fighter on Apr 19, 2024.
             Succumbed to a kobold brigand's poison
             ... in a sewer.
             The game lasted 00:10:39 (3045 turns).

Fodor the Covered (Minotaur Fighter)                Turns: 3045, Time: 00:10:39

HP:   -3/41 (47)    AC: 13    Str: 22    XL:     5   Next: 78%
MP:   4/4           EV:  5    Int:  5    God:
Gold: 97            SH:  5    Dex: 10    Spells: 4/4 levels left

rFire   . . .        r - +2 quarterstaff (chaos)
rCold   . . .        (shield currently unavailable)
rNeg    . . .        t - +0 plate armour
rPois   .            (helmet restricted)
rElec   .            s - +0 cloak
rCorr   .            (no gloves)
SInv    .            (no boots)
Will    .....        p - amulet of reflection Stlth
                     (no ring)
HPRegen 0.26/turn    (no ring)
MPRegen 0.09/turn

%: reflection
@: lethally poisoned (-3 -> -30), heavily drained, very slow
A: horns 2, retaliatory headbutt
a: no special abilities


You were in a sewer.
You visited 1 branch of the dungeon, and saw 4 of its levels.
You also visited: Sewer.

You collected 97 gold pieces.

Inventory:

Hand Weapons
 a - a +0 war axe
 r - a +2 quarterstaff of chaos (weapon)
Missiles
 l - 3 boomerangs (quivered)
Armour
 c - a +0 buckler
 s - a +0 cloak (worn)
 t - a +0 plate armour (worn)
Jewellery
 i - an amulet of magic regeneration
 p - an amulet of reflection (around neck)
Talismans
 f - a flux talisman
 v - a blade talisman
Scrolls
 b - 2 scrolls of immolation {unknown}
 e - a scroll of silence {unknown}
 g - 3 scrolls of identify {unknown}
 h - a scroll of blinking {unknown}
 j - 4 scrolls of poison {unknown}
 k - a scroll of teleportation {unknown}
 q - a scroll of fog {unknown}
Potions
 d - a potion of might
 m - a potion of heal wounds {unknown}
 n - a potion of invisibility {unknown}
 o - a potion of cancellation {unknown}
 u - a potion of curing {unknown}


   Skills:
 + Level 4.4 Fighting
 + Level 4.4 Axes
 + Level 1.0 Staves
 + Level 5.4 Armour
 + Level 0.7 Dodging
 + Level 0.2 Stealth
 + Level 4.5 Shields


You had 4 spell levels left.
You didn't know any spells.
Your spell library contained the following spells:

 Spells                   Type           Power      Damage    Failure   Level
 Summon Small Mammal      Summ           0%         N/A       100%        1
 Call Canine Familiar     Summ           0%         N/A       100%        3
 Summon Blazeheart Golem  Fire/Summ      0%         N/A       100%        4


Dungeon Overview and Level Annotations

Branches:
Dungeon (4/15)              Sewer (1/1)
 Temple: D:4-7

Altars:
Okawaru
Xom

Shops:
D:3 :


Innate Abilities, Weirdness & Mutations

You have a pair of horns on your head.
You reflexively headbutt those who attack you in melee.


Message History

You feel drained.
You sock the kobold!
You kill the kobold!
You hear a splash. x2
The kobold throws a stone.
The stone hits you but does no damage.
The kobold brigand hits you but does no damage.
The kobold brigand hits you with a +0 short sword of draining.
You feel drained.
The kobold brigand hits you with a +0 dagger.
Your unstable footing causes you to fumble your attack.
The kobold brigand hits you but does no damage.
You feel drained.
The kobold brigand hits you with a +0 dagger.
You block the kobold's attack.
The kobold brigand hits you with a +0 short sword of draining.
You feel drained.
The kobold brigand hits you with a +0 dagger.
The kobold attacks as it pursues you! The kobold hits you but does no damage.
The kobold throws a stone.
You block the stone with an invisible shield... and reflect it back!
The stone hits the kobold but does no damage.
The kobold brigand hits you but does no damage.
You enter the shallow water.
Moving in this stuff is going to be slow.
The kobold brigand throws a poisoned dart.
The poisoned dart hits you!
You are poisoned.
The kobold brigand throws a poisoned dart.
The poisoned dart hits you!
You are lethally poisoned!
You feel extremely sick.
The kobold brigand throws a poisoned dart.
The poisoned dart hits you!
You are more poisoned.
* * * LOW HITPOINT WARNING * * *
You feel extremely sick.
The kobold brigand throws a poisoned dart.
The poisoned dart hits you!
You are more poisoned.
You die...

###≈≈≈~~~~~~~~~~~~~≈≈≈~~#...
#≈≈≈≈≈≈≈≈≈≈≈≈≈≈≈≈≈≈≈≈≈~.....
#≈≈≈≈≈~~~~≈~~~~~~K≈≈≈~.#
#######...~...~~~~~K).~#
#######.KK~KKK~~.#
##~######### #~# #~# #@# #~#
#~# #~# #~# #~# #~# #~# #~#


You could see 2 kobold brigands.

Vanquished Creatures
  A scorpion (D:3)
  Crazy Yiuf (D:3)
  6 adders
  A river rat (D:4)
  4 ribbon worms
  An orc (D:4)
  4 bats
  5 endoplasms
  3 giant cockroaches
  10 hobgoblins
  12 kobolds
  6 ball pythons
  3 frilled lizards
  6 goblins
  13 rats
76 creatures vanquished.

Vanquished Creatures (others)
  A black bear (D:4)
  A hound (D:4)
  2 adders (D:4)
  A giant cockroach (D:4)
  A goblin (D:4)
6 creatures vanquished.

Grand Total: 82 creatures vanquished

Notes
Turn   | Place    | Note
-------+----------+-------------------------------------------
     0 | D:1      | Fodor the Minotaur Fighter began the quest for the Orb.
     0 | D:1      | Reached XP level 1. HP: 19/19 MP: 0/0
    85 | D:1      | Reached skill level 4 in Armour
   116 | D:1      | Reached XP level 2. HP: 27/27 MP: 1/1
   876 | D:2      | Reached XP level 3. HP: 29/33 MP: 2/2
  1006 | D:2      | Found an iron altar of Okawaru.
  1086 | D:2      | Reached XP level 4. HP: 38/40 MP: 3/3
  1503 | D:3      | Reached skill level 5 in Armour
  1527 | D:3      | Noticed a scorpion
  1535 | D:3      | Killed a scorpion
  1536 | D:3      | Reached XP level 5. HP: 19/46 MP: 4/4
  1723 | D:3      | Found Nibraeh's Book Shop.
  2082 | D:3      | Found a runed translucent door.
  2083 | D:3      | Noticed Crazy Yiuf
  2430 | D:3      | Killed Crazy Yiuf
  2483 | D:4      | Noticed a black bear
  2483 | D:4      | Found a shimmering altar of Xom.
  2528 | D:4      | Killed a black bear
  2659 | D:4      | Reached skill level 1 in Staves
  2955 | D:4      | Found a glowing drain.
  2965 | Sewer    | Entered a sewer
  3045 | Sewer    | Succumbed to a kobold brigand's poison

Illustrated notes

Levels and vault maps discovered:
D:1:      eino_arrival_water_cross, layout_basic
D:2:      layout_basic, basic_altar
D:3:      layout_basic, serial_shops, nicolae_shop_hallway_stairs,
          minmay_distorted, uniq_crazy_yiuf_cottage
D:4:      layout_basic, fedhas_altar_2, xom_confusion_cloud,
          portal_sewer_entry_b
Sewer:    sewer_kobolds

Skill      XL: |  1  2  3  4  5 |
---------------+----------------+-----
Armour         | 4 5 |  5.4
Fighting       | 4 |  4.4
Axes           | 3 4 |  4.4
Shields        | 4 |  4.5
Staves         | 1 |  1.0
Dodging        | |  0.7
Stealth        | |  0.2

Action                     |  1- 3 |  4- 6 || total
---------------------------+-------+-------++-------
  Melee: War axe           |    70 |    44 ||   114
         Headbutt          |    11 |    16 ||    27
         Quarterstaff      |       |    42 ||    42
 Armour: Scale mail        |    48 |    40 ||    88
         Plate armour      |       |    39 ||    39
  Dodge: Dodged            |    27 |    20 ||    47
  Block: Buckler           |    14 |    13 ||    27
         Other             |       |    13 ||    13
         Reflection        |       |     3 ||     3

Table legend: (Time is in decaauts)
 A = Elapsed time spent in this place.
 B = Non-inter-level travel time spent in this place.
 C = Inter-level travel time spent in this place.
 D = Time resting spent in this place.
 E = Time spent auto-exploring this place.
 F = Levels seen in this place.
 G = Mean time per level.
                   A        B        C        D        E       F      G
               +--------+--------+--------+--------+--------+-----+--------+
         Total |   3118 |   3060 |     58 |    172 |   1903 |   5 |  623.6 |
       Dungeon |   3014 |   2956 |     58 |    172 |   1849 |   4 |  753.5 |
         Sewer |    104 |    104 |      0 |      0 |     54 |   1 |  104.0 |
               +--------+--------+--------+--------+--------+-----+--------+

Top non-repeatable levels by time:
     D:3: 1051 daAuts
     D:1: 879 daAuts
     D:2: 592 daAuts
     D:4: 490 daAuts
   Sewer: 104 daAuts
